ORI
UNIVERSITY OF VIRGINIA CAVALIERS @ UNIVERSITY OF GEORGIA BULLDOGS
11/29/2044
 
TOP OF THE 1ST
University of Virginia Cavaliers batting - Pitching for University of Georgia Bulldogs : RHP Adrian Foreman
Pitching: RHP Adrian Foreman
Batting: RHB Andy Garvin 0-0: Ball
1-0: Called Strike
1-1: Foul Ball, location: 2F
1-2: Strikes out swinging
Batting: RHB Rohit Gadhavi 0-0: Foul Ball, location: 2F
0-1: Ball
1-1: Foul Ball, location: 2F
1-2: Ball
2-2: SINGLE (Groundball, 25, EV 61.9 MPH) (infield hit)
Batting: LHB Sean Banks 0-0: Swinging Strike
0-1: Called Strike
0-2: Ball
1-2: Ball
2-2: Strikes out looking
Batting: RHB Adam Dudek 0-0: Ball
Rohit Gadhavi steals 2nd base
1-0: Ball
2-0: Swinging Strike
2-1: Ball
3-1: Base on Balls
Batting: RHB Arnaud Derosiers 0-0: DOUBLE (Flyball, 78D, EV 84.4 MPH)
Rohit Gadhavi scores
Adam Dudek to third
Runner from 3rd tries for Home, SAFE, throw by LF to trailing runner, SAFE at third!
Batting: SHB Eric Kelley 0-0: Ball
1-0: Foul Ball, location: 2F
1-1: Fly out, F9 (Line Drive, 9, EV 89.4 MPH)
Top of the 1st over - 2 runs, 2 hits, 0 errors, 1 left on base; University of Virginia 2 - University of Georgia 0
BOTTOM OF THE 1ST
University of Georgia Bulldogs batting - Pitching for University of Virginia Cavaliers : LHP Amari Miller
Pitching: LHP Amari Miller
Batting: RHB Patrick Pinault 0-0: Called Strike
0-1: Ball
1-1: Ball
2-1: Called Strike
2-2: Ball
3-2: Foul Ball, location: 2F
3-2: Base on Balls
Batting: RHB Ivan Barrientos 0-0: Called Strike
0-1: Foul Ball, location: 2F
0-2: Strikes out looking
Batting: RHB Terry Oetker 0-0: Ball
1-0: Foul Ball, location: 2F
1-1: SINGLE (Groundball, 6MD, EV 95.0 MPH)
Patrick Pinault to second
Batting: LHB Justin Daley 0-0: Called Strike
0-1: Fly out, F7 (Line Drive, 7, EV 107.5 MPH)
Batting: RHB Armando Ramirez 0-0: Ball
1-0: Ground out U3 (Groundball, 3, EV 105.6 MPH)
Bottom of the 1st over - 0 runs, 1 hit, 0 errors, 2 left on base; University of Virginia 2 - University of Georgia 0
TOP OF THE 2ND
University of Virginia Cavaliers batting - Pitching for University of Georgia Bulldogs : RHP Adrian Foreman
Batting: RHB Matt Peddle 0-0: Called Strike
0-1: Ball
1-1: Ball
2-1: Foul Ball, location: 2F
2-2: Ball
3-2: Base on Balls
Batting: RHB Gabe Secundino 0-0: Foul Ball, location: 2F
0-1: Grounds into double play, 6-4-3 (Groundball, 6, EV 85.6 MPH)
Batting: RHB Matt Sobolewski 0-0: Ball
1-0: Swinging Strike
1-1: Foul Ball, location: 2F
1-2: Strikes out swinging
Top of the 2nd over - 0 runs, 0 hits, 0 errors, 0 left on base; University of Virginia 2 - University of Georgia 0
BOTTOM OF THE 2ND
University of Georgia Bulldogs batting - Pitching for University of Virginia Cavaliers : LHP Amari Miller
Batting: RHB Jose Garibay 0-0: Ground out 4-3 (Groundball, 4, EV 85.0 MPH)
Batting: LHB Mitsujiro Tanaka 0-0: Called Strike
0-1: Foul Ball, location: 2F
0-2: Foul Ball, location: 2F
0-2: Strikes out looking
Batting: RHB Pedro Gonzalez 0-0: Called Strike
0-1: Ball
1-1: Ball
2-1: Called Strike
2-2: Strikes out swinging
Bottom of the 2nd over - 0 runs, 0 hits, 0 errors, 0 left on base; University of Virginia 2 - University of Georgia 0
TOP OF THE 3RD
University of Virginia Cavaliers batting - Pitching for University of Georgia Bulldogs : RHP Adrian Foreman
Batting: RHB Andy Garvin 0-0: Ball
1-0: Ball
2-0: Called Strike
2-1: Foul Ball, location: 2F
2-2: Strikes out swinging
Batting: RHB Rohit Gadhavi 0-0: Called Strike
0-1: Ground out 4-3 (Groundball, 4, EV 83.8 MPH)
Batting: LHB Sean Banks 0-0: Ball
1-0: Ground out 4-3 (Groundball, 4, EV 97.5 MPH)
Top of the 3rd over - 0 runs, 0 hits, 0 errors, 0 left on base; University of Virginia 2 - University of Georgia 0
BOTTOM OF THE 3RD
University of Georgia Bulldogs batting - Pitching for University of Virginia Cavaliers : LHP Amari Miller
Batting: LHB Iestyn Peacock 0-0: Ground out U3 (Groundball, 3, EV 98.1 MPH)
Batting: RHB Patrick Pinault 0-0: Ball
1-0: Ball
2-0: Ball
3-0: Base on Balls
Batting: RHB Ivan Barrientos 0-0: Swinging Strike
0-1: Ball
1-1: Ball
2-1: Called Strike
2-2: Ball
3-2: Fly out, F9 (Flyball, 9LM, EV 87.5 MPH)
Batting: RHB Terry Oetker 0-0: Called Strike
0-1: SINGLE (Groundball, 34, EV 99.4 MPH)
Patrick Pinault to second
Runner from 2nd tries for 3rd, SAFE, throw by RF made to third
Batting: LHB Justin Daley 0-0: Ball
1-0: Swinging Strike
1-1: Ball
2-1: SINGLE (Groundball, 4MD, EV 99.4 MPH)
Patrick Pinault scores
Terry Oetker to second
Runner from 2nd tries for 3rd, SAFE, throw by CF made to third
Batting: RHB Armando Ramirez 0-0: Called Strike
0-1: Swinging Strike
0-2: Ball
1-2: Ball
2-2: Fly out, F9 (Flyball, 9LD, EV 76.3 MPH)
Bottom of the 3rd over - 1 run, 2 hits, 0 errors, 2 left on base; University of Virginia 2 - University of Georgia 1
TOP OF THE 4TH
University of Virginia Cavaliers batting - Pitching for University of Georgia Bulldogs : RHP Adrian Foreman
Batting: RHB Adam Dudek 0-0: Foul Ball, location: 2F
0-1: Ball
1-1: DOUBLE (Line Drive, 78XD, EV 106.3 MPH)
Batting: RHB Arnaud Derosiers 0-0: DOUBLE (Groundball, 5L, EV 96.3 MPH)
Adam Dudek scores
Batting: SHB Eric Kelley 0-0: Foul Ball, location: 2F
0-1: Swinging Strike
0-2: Strikes out swinging
Batting: RHB Matt Peddle 0-0: Ball
1-0: Fly out, F9 (Line Drive, 9, EV 91.9 MPH)
Batting: RHB Gabe Secundino 0-0: Ball
1-0: Swinging Strike
1-1: Called Strike
1-2: Ball
2-2: Strikes out swinging
Top of the 4th over - 1 run, 2 hits, 0 errors, 1 left on base; University of Virginia 3 - University of Georgia 1
BOTTOM OF THE 4TH
University of Georgia Bulldogs batting - Pitching for University of Virginia Cavaliers : LHP Amari Miller
Batting: RHB Jose Garibay 0-0: Called Strike
0-1: SINGLE (Groundball, 34D, EV 94.4 MPH)
Batting: LHB Mitsujiro Tanaka 0-0: Foul Ball, location: 2F
0-1: Ball
1-1: Foul Ball, location: 2F
1-2: Foul Ball, location: 2F
1-2: Fly out, F9 (Flyball, 9D, EV 93.8 MPH)
Batting: RHB Pedro Gonzalez 0-0: Called Strike
0-1: Swinging Strike
0-2: Strikes out swinging
Batting: LHB Iestyn Peacock 0-0: Called Strike
0-1: Foul Ball, location: 2F
0-2: SINGLE (Line Drive, 9LS, EV 99.4 MPH)
Jose Garibay to second
Runner from 2nd tries for 3rd, SAFE, throw by RF made to third
Batting: RHB Patrick Pinault 0-0: Called Strike
0-1: Fly out, F7 (Flyball, 7LS, EV 83.8 MPH)
Bottom of the 4th over - 0 runs, 2 hits, 0 errors, 2 left on base; University of Virginia 3 - University of Georgia 1
TOP OF THE 5TH
University of Virginia Cavaliers batting - Pitching for University of Georgia Bulldogs : RHP Adrian Foreman
Batting: RHB Matt Sobolewski 0-0: Ball
1-0: Swinging Strike
1-1: Called Strike
1-2: Strikes out looking
Batting: RHB Andy Garvin 0-0: Ball
1-0: Foul Ball, location: 2F
1-1: Ball
2-1: SINGLE (Groundball, 34D, EV 98.1 MPH)
Batting: RHB Rohit Gadhavi 0-0: Ball
1-0: Fielders Choice at 2nd, 4-6 (Groundball, 4M, EV 81.9 MPH)
Batting: LHB Sean Banks 0-0: Foul Ball, location: 2F
0-1: Swinging Strike
0-2: Foul Ball, location: 2F
0-2: Strikes out swinging
Top of the 5th over - 0 runs, 1 hit, 0 errors, 1 left on base; University of Virginia 3 - University of Georgia 1
BOTTOM OF THE 5TH
University of Georgia Bulldogs batting - Pitching for University of Virginia Cavaliers : LHP Amari Miller
Batting: RHB Ivan Barrientos 0-0: Fly out, F8 (Flyball, 8LM, EV 95.6 MPH)
Batting: RHB Terry Oetker 0-0: Foul Ball, location: 2F
0-1: Ball
1-1: Swinging Strike
1-2: Strikes out swinging, 2-3 out at first.
Batting: LHB Justin Daley 0-0: Ball
1-0: Swinging Strike
1-1: Ball
2-1: Ground out 4-3 (Groundball, 4, EV 85.6 MPH)
Bottom of the 5th over - 0 runs, 0 hits, 0 errors, 0 left on base; University of Virginia 3 - University of Georgia 1
TOP OF THE 6TH
University of Virginia Cavaliers batting - Pitching for University of Georgia Bulldogs : RHP Adrian Foreman
Batting: RHB Adam Dudek 0-0: Ball
1-0: Called Strike
1-1: Fly out, F7 (Flyball, 78D, EV 96.3 MPH)
Pitching: RHP Jon Trujillo
Batting: RHB Arnaud Derosiers 0-0: Called Strike
0-1: Called Strike
0-2: Ground out 3-1 (Groundball, 34, EV 105.6 MPH)
Batting: SHB Eric Kelley 0-0: Swinging Strike
0-1: Ball
1-1: Foul Ball, location: 2F
1-2: Ball
2-2: Foul Ball, location: 2F
2-2: Ball
3-2: Foul Ball, location: 2F
3-2: Fly out, F9 (Flyball, 9LS, EV 72.5 MPH)
Top of the 6th over - 0 runs, 0 hits, 0 errors, 0 left on base; University of Virginia 3 - University of Georgia 1
BOTTOM OF THE 6TH
University of Georgia Bulldogs batting - Pitching for University of Virginia Cavaliers : LHP Amari Miller
Batting: RHB Armando Ramirez 0-0: Ball
1-0: Foul Ball, location: 2F
1-1: Ball
2-1: Ball
3-1: Fly out, F7 (Flyball, 7LS, EV 76.9 MPH)
Pitching: LHP Mike Arias
Batting: RHB Jose Garibay 0-0: Ball
1-0: Ball
2-0: Fly out, F3 (Popup, 23F, EV 76.9 MPH)
Batting: LHB Mitsujiro Tanaka 0-0: Ground out U3 (Groundball, 34, EV 106.9 MPH)
Bottom of the 6th over - 0 runs, 0 hits, 0 errors, 0 left on base; University of Virginia 3 - University of Georgia 1
TOP OF THE 7TH
University of Virginia Cavaliers batting - Pitching for University of Georgia Bulldogs : RHP Jon Trujillo
Batting: RHB Matt Peddle 0-0: Swinging Strike
0-1: Foul Ball, location: 2F
0-2: Ground out 6-3 (Groundball, 6, EV 80.0 MPH)
Batting: RHB Gabe Secundino 0-0: Ball
1-0: SINGLE (Groundball, 6MD, EV 111.9 MPH)
Batting: RHB Matt Sobolewski 0-0: Ball
1-0: Foul Ball, location: 2F
1-1: Ball
2-1: Foul Ball, location: 2F
2-2: Strikes out swinging
Batting: RHB Andy Garvin 0-0: Called Strike
0-1: Foul Ball, location: 2F
0-2: Ball
1-2: Ball
2-2: Ground out 6-3 (Groundball, 6MD, EV 83.8 MPH)
Top of the 7th over - 0 runs, 1 hit, 0 errors, 1 left on base; University of Virginia 3 - University of Georgia 1
BOTTOM OF THE 7TH
University of Georgia Bulldogs batting - Pitching for University of Virginia Cavaliers : LHP Mike Arias
Batting: RHB Pedro Gonzalez 0-0: Foul Ball, location: 2F
0-1: Foul Ball, location: 2F
0-2: Ball
1-2: Foul Ball, location: 2F
1-2: Ball
2-2: Ground out 4-3 (Groundball, 4, EV 82.5 MPH)
Pinch Hitting: SHB Javy Franco 0-0: Called Strike
0-1: Ball
1-1: Called Strike
1-2: Ball
2-2: Foul Ball, location: 2F
2-2: Strikes out looking
Batting: RHB Patrick Pinault 0-0: Ball
1-0: Swinging Strike
1-1: Ball
2-1: SINGLE (Groundball, 6S, EV 61.9 MPH) (infield hit)
Batting: RHB Ivan Barrientos 0-0: Ball
1-0: Foul Ball, location: 2F
1-1: Called Strike
1-2: Ball
2-2: SINGLE (Groundball, 5D, EV 99.4 MPH)
Patrick Pinault to second
Runner from 2nd tries for 3rd, SAFE, throw by LF made to third
Batting: RHB Minoru Matsumoto 0-0: Ball
1-0: Ground out 4-3 (Groundball, 4, EV 86.9 MPH)
Bottom of the 7th over - 0 runs, 2 hits, 0 errors, 2 left on base; University of Virginia 3 - University of Georgia 1
TOP OF THE 8TH
University of Virginia Cavaliers batting - Pitching for University of Georgia Bulldogs : RHP Jon Trujillo
Now in RF: Antonio Razo
Batting: RHB Rohit Gadhavi 0-0: Ball
1-0: Ball
2-0: Called Strike
2-1: Ball
3-1: Base on Balls
Batting: LHB Sean Banks 0-0: Called Strike
0-1: Fielders Choice at 2nd, 3-6 (Groundball, 34S, EV 85.0 MPH)
Batting: RHB Adam Dudek 0-0: Foul Ball, location: 2F
0-1: Ball
1-1: Ball
2-1: Called Strike
2-2: Foul Ball, location: 2F
2-2: Strikes out swinging
Batting: RHB Arnaud Derosiers 0-0: Called Strike
0-1: Reached via error on a dropped throw from 1B, E1 (Groundball, 34S, EV 70.6 MPH)
Sean Banks to second
Batting: SHB Eric Kelley 0-0: Foul Ball, location: 2F
0-1: Foul Ball, location: 2F
0-2: Fly out, F7 (Flyball, 7S, EV 94.4 MPH)
Top of the 8th over - 0 runs, 0 hits, 1 error, 2 left on base; University of Virginia 3 - University of Georgia 1
BOTTOM OF THE 8TH
University of Georgia Bulldogs batting - Pitching for University of Virginia Cavaliers : LHP Mike Arias
Batting: LHB Justin Daley 0-0: Ball
1-0: SINGLE (Line Drive, 56D, EV 96.3 MPH)
Pinch Hitting: LHB Mike Holland 0-0: Called Strike
0-1: Ball
1-1: Foul Ball, location: 2F
1-2: SINGLE (Line Drive, 9S, EV 103.8 MPH)
Justin Daley to second
Pitching: RHP Victor Maravilla
Batting: RHB Jose Garibay 0-0: Bunt missed!
0-1: Bunt missed!
0-2: Ball
1-2: 3-RUN HOME RUN (Line Drive, 78XD, EV 105.6 MPH), Distance : 419 ft
Batting: LHB Mitsujiro Tanaka 0-0: Ground out 4-3 (Groundball, 4, EV 82.5 MPH)
Batting: RHB Pedro Gonzalez 0-0: Ball
1-0: Called Strike
1-1: Foul Ball, location: 2F
1-2: Fly out, F7 (Flyball, 7LS, EV 96.3 MPH)
Batting: LHB Antonio Razo 0-0: SINGLE (Groundball, 3S, EV 71.3 MPH) (infield hit)
Batting: RHB Patrick Pinault 0-0: Ball
1-0: Fly out, F7 (Flyball, 7, EV 93.1 MPH)
Bottom of the 8th over - 3 runs, 4 hits, 0 errors, 1 left on base; University of Virginia 3 - University of Georgia 4
TOP OF THE 9TH
University of Virginia Cavaliers batting - Pitching for University of Georgia Bulldogs : RHP Jon Trujillo
Pitching: RHP Moises Baez
Now at 1B: Jesus Huante
Now at 3B: Pedro Gonzalez
Now at SS: Tsugio Yamaguchi
Pinch Hitting: LHB Rich Kuehne 0-0: Ball
1-0: Ground out 5-3 (Groundball, 5, EV 85.6 MPH)
Pinch Hitting: LHB William Gonzales 0-0: Foul Ball, location: 2F
0-1: Ball
1-1: Ball
2-1: Swinging Strike
2-2: Ball
3-2: Base on Balls
Pinch Hitting: RHB Ricky Aguilar 0-0: Called Strike
0-1: Ball
1-1: Swinging Strike
1-2: Strikes out swinging
Batting: RHB Andy Garvin 0-0: Swinging Strike
0-1: Foul Ball, location: 2F
0-2: Ball
1-2: Strikes out looking
Top of the 9th over - 0 runs, 0 hits, 0 errors, 1 left on base; University of Virginia 3 - University of Georgia 4
Thursday, March 31st , 2022 - OOTP Baseball 22.12 Build 89